 Dungeon Crawl Stone Soup version 0.30-a0-1112-gfb780f5df6 (webtiles) character file.

Game seed: 16680228200205168565

746 Aneyh the Basher (level 7, -1/41 HPs)
             Began as a Tengu Fighter on Apr 19, 2023.
             Was an Initiate of Hepliaklqana.
             Killed from afar by Maggie (11 damage)
             ... with a bolt of fire
             ... on level 6 of the Dungeon.
             The game lasted 00:10:21 (4504 turns).

Aneyh the Basher (Tengu Fighter)                    Turns: 4504, Time: 00:10:21

Health: -1/41      AC:  6    Str: 18    XL:     7   Next: 77%
Magic:  8/8        EV: 10    Int:  8    God:    Hepliaklqana [......]
Gold:   294        SH:  5    Dex: 14    Spells: 6/6 levels left

rFire   + . .      SeeInvis .    A - +0 whip (distort)
rCold   . . .      Faith    .    c - +0 buckler
rNeg    . . .      Spirit   .    g - +0 scale mail {rF+}
rPois   .          Reflect  .    (helmet restricted)
rElec   .          Rampage  .    (no cloak)
rCorr   .                        (no gloves)
Will    .....                    (boots unavailable) Stlth
                                 h - amulet of regeneration
HPRegen 1.06/turn                (no ring)
MPRegen 0.11/turn                (no ring)

@: flying quickly and evasively, mesmerised, quick
A: beak, talons 3, nimble flight
a: Renounce Religion


You were on level 6 of the Dungeon.
You worshipped Hepliaklqana.
Hepliaklqana was noncommittal.
You visited 2 branches of the dungeon, and saw 7 of its levels.

You collected 294 gold pieces.

Inventory:

Hand Weapons
 a - a +0 flail
 s - a +2 whip of freezing
 y - a +0 trident
 A - a +0 whip of distortion (weapon)
 D - a +3 trident of protection
 E - the +11 dagger of Yppewon {flame, Int+5}
   (You found it on level 5 of the Dungeon)

   Int:       It affects your intelligence (+5).
Missiles
 m - 5 boomerangs (quivered)
Armour
 b - a +0 scale mail
 c - a +0 buckler (worn)
 g - a +0 scale mail of fire resistance (worn)
Jewellery
 h - an amulet of regeneration (around neck)
 l - a ring of protection from cold
 u - a +5 ring of evasion
Wands
 C - a wand of roots (7)
 I - a wand of paralysis (7)
Scrolls
 f - 8 scrolls of identify {unknown}
 i - 3 scrolls of immolation {unknown}
 j - 2 scrolls of brand weapon {unknown}
 n - 2 scrolls of summoning {unknown}
 o - 3 scrolls of amnesia {unknown}
 p - a scroll of teleportation {unknown}
 r - a scroll of noise {unknown}
 t - 2 scrolls of blinking {unknown}
 z - a scroll of fog {unknown}
 B - a scroll of fear {unknown}
 H - a scroll of enchant armour {unknown}
Potions
 d - a potion of might
 e - a potion of magic {unknown}
 k - 3 potions of haste {unknown}
 q - 4 potions of mutation {unknown}
 v - a potion of cancellation {unknown}
 w - 4 potions of lignification {unknown}
 x - 2 potions of curing {unknown}
 F - a potion of degeneration {unknown}
 G - a potion of ambrosia {unknown}


   Skills:
 - Level 3.0 Fighting
 + Level 9.4 Maces & Flails
 - Level 3.2 Armour
 - Level 3.0 Shields


You had 6 spell levels left.
You didn't know any spells.
Your spell library contained the following spells:

 Spells                   Type           Power      Damage    Failure   Level
 Apportation              Tloc           0%         N/A       87%         1
 Beastly Appendage        Tmut           0%         N/A       87%         1
 Necrotise                Necr           0%         1d4       87%         1
 Summon Small Mammal      Summ           0%         N/A       87%         1
 Wereblood                Tmut           0%         N/A       95%         2
 Call Canine Familiar     Summ           0%         N/A       99%         3
 Ignite Poison            Fire/Tmut/Pois 0%         N/A       99%         3
 Portal Projectile        Hex/Tloc       0%         N/A       99%         3
 Spider Form              Tmut/Pois      0%         N/A       99%         3
 Summon Guardian Golem    Hex/Summ       0%         N/A       99%         3
 Leda's Liquefaction      Hex/Erth       0%         N/A       100%        4
 Sticky Flame             Conj/Fire      0%         2d3       100%        4
 Ignition                 Fire           0%         3d3       100%        8


Dungeon Overview and Level Annotations

Branches:
Dungeon (6/15)             Temple (1/1) D:5

Altars:
Ashenzari
Fedhas
Gozag
Hepliaklqana
Makhleb
Nemelex Xobeh
Okawaru
Qazlal
Ru
Trog
Uskayaw
Wu Jian
Xom
Yredelemnul

Shops:
D:1 !

Annotations:
D:3 2 transporters, hgbash's ghost, amateur OpCj
D:6 Maggie


Innate Abilities, Weirdness & Mutations

You have a beak for a mouth.
You have claws for feet.
Your magical nature lets you fly swiftly and evasively.


Message History

Your kick misses the kobold brigand. Your peck misses the kobold brigand.
The kobold brigand is almost dead.
You barely miss the kobold brigand. Your peck misses the kobold brigand.
The kobold brigand is almost dead.
The kobold brigand hits you with a +0 club.
You hit Maggie but do no damage.
Space warps around Maggie.
Maggie is heavily wounded.
Maggie gestures wildly while chanting.
Maggie draws you further into her thrall.
The kobold closely misses you.
The kobold brigand hits you with a +0 club.
You barely miss Maggie. You claw Maggie, but do no damage.
Maggie is heavily wounded.
Maggie barely misses you. The kobold hits you with a +0 whip.
You block the kobold brigand's attack.
You completely miss Maggie. You peck Maggie.
Maggie is heavily wounded.
You closely miss Maggie. Your kick misses Maggie.
Maggie is heavily wounded.
Maggie barely misses you. You block the kobold's attack.
The kobold brigand hits you with a +0 club.
* * * LOW HITPOINT WARNING * * *
You hit Maggie.
Space warps horribly around Maggie!
You peck Maggie, but do no damage.
Maggie is severely wounded.
Maggie hits you but does no damage. You block the kobold's attack.
The kobold brigand hits you with a +0 club.
* * * LOW HITPOINT WARNING * * *
You hit Maggie.
Maggie is almost dead.
Maggie blinks!
You hit the kobold but do no damage.
Space warps around the kobold.
You kill the kobold!
The kobold brigand closely misses you.
You barely miss the kobold brigand. Your kick misses the kobold brigand.
The kobold brigand is almost dead.
The kobold brigand hits you but does no damage.
Maggie points at you and mumbles some strange words.
The bolt of fire hits you! You resist.
You die...

... #... ....
..... #... ....
#... ... . #...
#.## ..
#..##..####...
##.........#..
##...K.........
..#...@))......#.
...........†......
...#........#..##.
.. ##...........#
#............
.....@.........
.......##.....#.
........# ..#.##
......... .##..


You could see Maggie (mesmerising) and a kobold brigand.

Vanquished Creatures
  A vampire (D:5)
  A black bear (D:5)
  An orc priest (D:4)
  5 hounds
  A jelly (D:4)
  3 iguanas
  A sleepcap (D:5)
  7 adders
  5 gnolls
  2 dart slugs
  A worm (D:2)
  7 orcs
  6 ball pythons
  5 endoplasms
  2 giant cockroaches
  9 hobgoblins
  2 jackals (D:2)
  6 quokkas
  6 bats
  3 frilled lizards (D:1)
  10 goblins
  7 kobolds
  9 rats
100 creatures vanquished.

Notes
Turn   | Place    | Note
-------+----------+-------------------------------------------
     0 | D:1      | Aneyh the Tengu Fighter began the quest for the Orb.
     0 | D:1      | Reached XP level 1. HP: 14/14 MP: 2/2
    35 | D:1      | Found Alemank's Distillery.
    39 | D:1      | Reached XP level 2. HP: 19/19 MP: 3/3
    44 | D:1      | Reached skill level 3 in Maces & Flails
   485 | D:1      | Found a faded altar of an unknown god.
   549 | D:1      | Reached XP level 3. HP: 17/23 MP: 4/4
   908 | D:1      | Reached skill level 4 in Maces & Flails
  1335 | D:2      | Reached XP level 4. HP: 28/28 MP: 5/5
  1702 | D:3      | Found a transporter.
  1885 | D:3      | Reached skill level 5 in Maces & Flails
  1891 | D:3      | Noticed hgbash's ghost (amateur OpCj)
  1893 | D:3      | Found a transporter.
  2450 | D:3      | Gained mutation: Your magical nature lets you fly swiftly
                  | and evasively. [Tengu growth]
  2450 | D:3      | Reached XP level 5. HP: 32/32 MP: 6/6
  2602 | D:4      | Reached skill level 6 in Maces & Flails
  2684 | D:4      | Reached XP level 6. HP: 18/37 MP: 7/7
  2725 | D:4      | Reached skill level 7 in Maces & Flails
  3302 | D:5      | Entered Level 5 of the Dungeon
  3341 | D:5      | Identified the +11 dagger of Yppewon {flame, Int+5}
  3456 | D:5      | Found a staircase to the Ecumenical Temple.
  3792 | D:5      | Reached skill level 8 in Maces & Flails
  3792 | D:5      | Reached XP level 7. HP: 38/41 MP: 8/8
  3802 | Temple   | Entered the Ecumenical Temple
  3853 | Temple   | Became a worshipper of Hepliaklqana the Forgotten
  4350 | D:5      | Noticed a vampire
  4385 | D:5      | Killed a vampire
  4386 | D:5      | Reached skill level 9 in Maces & Flails
  4478 | D:6      | Noticed Maggie
  4504 | D:6      | Killed from afar by Maggie

Illustrated notes

Levels and vault maps discovered:
D:1:      kennysheep_arrival_forest, layout_basic,
          ebering_ecumenical_altar_sacrificial, serial_shops, shop
D:2:      layout_basic, minmay_misc_feat_five
D:3:      layout_basic, gammafunk_ghost_arena
D:4:      layout_cave_pools, nrook_loot_triangle
D:5:      minmay_chambers_of_fours, layout_loops_ring, temple_doors_e
D:6:      layout_cave_pools, chequers_temple_overflow_statue_of_worship,
          uniq_maggie, uniq_menkaure, uniq_grinder, uniq_edmund
Temple:   bh_familiar_temple

Skill      XL: |  1  2  3  4  5  6  7 |
---------------+----------------------+-----
Maces & Flails | 3 4 5 6 8 9 |  9.4
Fighting       | |  3.0
Armour         | |  3.2
Shields        | |  3.0

Action                     |  1- 3 |  4- 6 |  7- 9 || total
---------------------------+-------+-------+-------++-------
  Melee: Flail             |    69 |    15 |       ||    84
         Kick              |     8 |    42 |    11 ||    61
         Peck              |     3 |    21 |     8 ||    32
         Whip              |       |   124 |    37 ||   161
  Throw: Boomerang         |       |     1 |     2 ||     3
    Use: Potion            |       |       |     1 ||     1
 Armour: Scale mail        |    23 |    40 |     6 ||    69
  Dodge: Dodged            |    27 |    37 |    11 ||    75
  Block: Buckler           |    13 |    23 |     9 ||    45

Table legend: (Time is in decaauts)
 A = Elapsed time spent in this place.
 B = Non-inter-level travel time spent in this place.
 C = Inter-level travel time spent in this place.
 D = Time resting spent in this place.
 E = Time spent auto-exploring this place.
 F = Levels seen in this place.
 G = Mean time per level.
                   A        B        C        D        E       F      G
               +--------+--------+--------+--------+--------+-----+--------+
         Total |   4324 |   4036 |    288 |    556 |   2733 |   7 |  617.7 |
       Dungeon |   4199 |   3939 |    260 |    556 |   2648 |   6 |  699.8 |
        Temple |    124 |     97 |     27 |      0 |     84 |   1 |  124.0 |
               +--------+--------+--------+--------+--------+-----+--------+

Top non-repeatable levels by time:
     D:1: 1100 daAuts
     D:3: 1024 daAuts
     D:5: 930 daAuts
     D:2: 622 daAuts
     D:4: 498 daAuts
  Temple: 124 daAuts
     D:6: 23 daAuts
